 Dungeon Crawl Stone Soup version 0.31-a0-236-g9a0961fb85 (webtiles) character file.

Game seed: 3100803486799833959

3880 qw the Skirmisher (level 10, -2/86 HPs)
             Began as a Minotaur Hexslinger on July 10, 2023.
             Was a Follower of Okawaru.
             Succumbed to an orange demon's poison
             ... on level 8 of the Dungeon.
             The game lasted 00:03:37 (7727 turns).

qw the Skirmisher (Minotaur Hexslinger)             Turns: 7727, Time: 00:03:38

Health: -2/86      AC: 17    Str: 19    XL:     10   Next: 0%
Magic:  10/12      EV: 17    Int: 10    God:    Okawaru [*.....]
Gold:   435        SH:  0    Dex: 16    Spells: 10/11 levels left

rFire   . . .        Y - +1 shortbow
rCold   + . .        (shield currently unavailable)
rNeg    + . .        h - +0 steam dragon scales
rPois   .            (helmet restricted)
rElec   .            (no cloak)
rCorr   .            n - +1 pair of gloves {Str+3}
SInv    .            (no boots)
Will    .....        (no amulet)
Stlth   +++          o - +4 ring of protection
HPRegen 0.34/turn    a - ring of Light {rC+ rN+ AC+4 Str+2 Slay+3}
MPRegen 0.13/turn

%: no passive effects
@: lethally poisoned (-2 -> -18), about to teleport, heroic
A: horns 2, retaliatory headbutt
a: Renounce Religion, Heroism


You were on level 8 of the Dungeon.
You worshipped Okawaru.
Okawaru was aware of your devotion.
You visited 2 branches of the dungeon, and saw 9 of its levels.

You collected 435 gold pieces.


Innate Abilities, Weirdness & Mutations

You have a pair of horns on your head.
You reflexively headbutt those who attack you in melee.


   Skills:
 + Level 7.1(12.1) Fighting
 - Level 12.0(17.0) Ranged Weapons
 - Level 4.3(9.3) Armour
 - Level 5.3(10.3) Dodging
 - Level 1.0 Spellcasting
 - Level 2.0 Hexes
 - Level 4.1 Invocations


You had 10 spell levels left.
You knew the following spells:

 Your Spells              Type           Power      Damage    Failure   Level
a - Slow                  Hex            16%        N/A       16%         1

Your spell library contained the following spells:

 Spells                   Type           Power      Damage    Failure   Level
 Inner Flame              Hex/Fire       2%         N/A       56%         3
 Portal Projectile        Hex/Tloc       4%         N/A       56%         3
 Cause Fear               Hex            2%         N/A       83%         4

Inventory:

Hand Weapons
 Y - a +1 shortbow (weapon)
Armour
 h - +0 steam dragon scales (worn)
 n - a +1 pair of gloves of strength (worn)
Jewellery
 a - the ring of Light (right hand) {rC+ rN+ AC+4 Str+2 Slay+3}
   (You acquired it on level 1 of the Dungeon)

   [ring of protection]

   AC:        It affects your AC (+4).
   Str:       It affects your strength (+2).
   Slay:      It affects your accuracy & damage with ranged weapons and melee
   (+3).
   rC:        It protects you from cold.
   rN:        It protects you from negative energy.
 o - a +4 ring of protection (left hand)
 q - a ring of protection from fire
Scrolls
 d - a scroll of identify
 m - 2 scrolls of teleportation
Potions
 c - a potion of enlightenment
 e - a potion of cancellation
 f - 2 potions of curing
 g - a potion of haste
 i - a potion of might
 j - a potion of mutation {unknown}

Dungeon Overview and Level Annotations

Branches:
Dungeon (8/15)             Temple (1/1) D:5
   Lair: D:8-11

Altars:
Ashenzari
Cheibriados
Dithmenos
Elyvilon
Fedhas
Gozag
Hepliaklqana
Kikubaaqudgha
Makhleb
Nemelex Xobeh
Okawaru
Qazlal
Ru
Sif Muna
Trog
Uskayaw
Vehumet
Wu Jian
Xom
Yredelemnul
Zin
The Shining One

Shops:
D:3 :   D:4 *

Annotations:
D:4 3 runed translucent doors, qw's ghost, amateur MiHs
D:7 1 runed translucent door, Crazy Yiuf


Message History

The orange demon misses you.
You shoot an arrow.
The arrow hits Amaemon but does no damage.
Amaemon is almost dead.
You feel sick.
Amaemon hits you with a -2 demon whip of venom!
Amaemon completely misses you. Amaemon closely misses you.
The orange demon stings you from afar.
You shoot an arrow.
The arrow hits Amaemon but does no damage.
Amaemon is almost dead.
You feel sick. Amaemon completely misses you. You furiously retaliate!
You headbutt Amaemon! Amaemon closely misses you.
Amaemon tail-slaps you but does no damage.
The orange demon barely misses you.
You shoot an arrow. The arrow misses Amaemon.
You feel sick.
You shoot an arrow. The arrow hits Amaemon!
You kill Amaemon!
Okawaru is honoured by your kill.
You feel sick. The orange demon stings you from afar!
You are lethally poisoned!
The orange demon poisons you!
Your base Ranged Weapons skill increases to level 12!
You have reached level 10!
7724 ||| READING 3 scrolls of teleportation.
As you read the scroll of teleportation, it crumbles to dust.
You feel strangely unstable.
You feel very sick. The orange demon stings you from afar!
You shoot an arrow. The arrow hits the orange demon!
The orange demon is lightly wounded.
You feel very sick.
The orange demon stings you but does no damage.
You shoot an arrow. The arrow hits the orange demon!
The orange demon is moderately wounded.
You feel very sick.
You shoot an arrow. The arrow hits the orange demon!
The orange demon is heavily wounded.
You die...

###!########
#.# #.# #.#
...#####.#
#.......##
######...#
#<..##
##.@.# ##).#
#.4# .....
..?...
#.<....#
#......#
########


You could see an orange demon.

Vanquished Creatures
  Amaemon (D:8)
  Maggie (D:6)
  Grinder (D:4)
  A wyvern (D:8)
  A steam dragon (D:8)
  Menkaure (D:4)
  A water moccasin (D:7)
  5 ice beasts
  A black bear (D:7)
  3 sky beasts
  2 orc warriors
  A wolf (D:8)
  2 centaurs
  A bullfrog (D:8)
  A phantom (D:6)
  A scorpion (D:5)
  A howler monkey (D:5)
  4 hounds
  3 orc priests
  An iguana (D:6)
  7 orc wizards
  5 adders
  21 gnolls
  A shadow imp (D:6)
  A white imp (D:6)
  An ufetubus (D:6)
  2 worms
  3 dart slugs
  41 orcs
  7 bats
  8 endoplasms
  4 giant cockroaches
  6 goblins
  5 hobgoblins
  19 jackals
  3 quokkas
  10 ball pythons
  5 frilled lizards
  11 kobolds
  5 rats
198 creatures vanquished.

Vanquished Creatures (others)
  An orc wizard (D:3)
  An orc (D:8)
2 creatures vanquished.

Grand Total: 200 creatures vanquished

Notes
Turn   | Place    | Note
-------+----------+-------------------------------------------
     0 | D:1      | qw the Minotaur Hexslinger began the quest for the Orb.
     0 | D:1      | Reached XP level 1. HP: 16/16 MP: 1/1
     0 | D:1      | 0 ||| qw: Version: 0.3-a-52-g30416fa
     0 | D:1      | 0 ||| qw: Game counter: 4601
     0 | D:1      | 0 ||| qw: Melee chars always use a shield: true
     0 | D:1      | 0 ||| qw: God list: Okawaru
     0 | D:1      | 0 ||| qw: Allow faded altars: false
     0 | D:1      | 0 ||| qw: Do Orc after clearing Dungeon:15 true
     0 | D:1      | 0 ||| qw: Do second Lair branch before Depths: true
     0 | D:1      | 0 ||| qw: Lair rune preference: random
     0 | D:1      | 0 ||| qw: Goals: Normal
     0 | D:1      | 0 ||| PLANNING D:1-11
   119 | D:1      | Reached skill level 3 in Ranged Weapons
   163 | D:1      | Reached XP level 2. HP: 22/23 MP: 2/2
   378 | D:1      | Reached XP level 3. HP: 29/29 MP: 3/3
   515 | D:1      | 515 ||| UPGRADING to +0 leather armour.
   525 | D:1      | 525 ||| DROPPING +0 robe.
   526 | D:1      | 526 ||| UPGRADING to +6 ring of strength.
   527 | D:1      | 527 ||| READING scroll labelled WATRE QA AVYLO.
   527 | D:1      | Identified a scroll of acquirement
   527 | D:1      | 527 ||| ACQUIRING ring of Light {rC+ rN+ AC+4 Str+2 Slay+3}
   527 | D:1      | Acquired the ring of Light {rC+ rN+ AC+4 Str+2 Slay+3}
   529 | D:1      | 529 ||| UPGRADING to ring of Light {rC+ rN+ AC+4 Str+2
                  | Slay+3}.
   530 | D:1      | 530 ||| READING scroll labelled CYZUYRULIUH.
   531 | D:1      | 531 ||| READING scroll labelled WUUMOV JIEZATH.
   532 | D:1      | 532 ||| READING scroll labelled ZAUKONEENT.
   533 | D:1      | 533 ||| DROPPING scroll of poison.
   598 | D:2      | Reached skill level 4 in Ranged Weapons
  1298 | D:2      | Reached XP level 4. HP: 30/36 MP: 4/4
  1340 | D:2      | 1340 ||| UPGRADING to +0 ring mail.
  1350 | D:2      | 1350 ||| DROPPING +0 leather armour.
  1351 | D:2      | 1351 ||| DROPPING ring of resist corrosion.
  1352 | D:2      | 1352 ||| READING scroll labelled AWNIPIS DAGAE.
  1355 | D:2      | 1355 ||| READING scroll labelled DACEFEZ WIRPHEG.
  1356 | D:2      | 1356 ||| DRINKING 2 golden potions.
  1357 | D:2      | 1357 ||| READING 2 scrolls of identify.
  1357 | D:2      | 1357 ||| IDENTIFYING bubbling green potion
  1394 | D:3      | 1394 ||| Stepping ~*~*~tactically~*~*~ (outnumbered).
  1396 | D:3      | 1396 ||| Stepping ~*~*~tactically~*~*~ (outnumbered).
  1399 | D:3      | 1399 ||| Stepping ~*~*~tactically~*~*~ (outnumbered).
  1405 | D:3      | 1405 ||| DRINKING potion of curing.
  1405 | D:3      | 1405 ||| (to cure confusion)
  1410 | D:3      | Reached skill level 5 in Ranged Weapons
  1414 | D:3      | Reached XP level 5. HP: 21/44 MP: 5/5
  1434 | D:3      | Reached skill level 3 in Fighting
  1605 | D:3      | Identified the +5 mace of Putrescence {freeze, *Slow MP+9
                  | Int+2}
  1676 | D:3      | Found Waxkaybb's Book Shop.
  1718 | D:3      | Reached skill level 1 in Armour
  1917 | D:3      | 1917 ||| DROPPING ring of positive energy.
  1918 | D:3      | 1918 ||| READING scroll labelled CIMIMICYSCH.
  1919 | D:3      | 1919 ||| READING scroll labelled VICZIO FATWYLE.
  1967 | D:4      | Noticed Grinder
  1982 | D:4      | 1982 ||| FLEEEEING.
  1982 | D:4      | Paralysed by Grinder for 5 turns
  1989 | D:4      | Paralysed by Grinder for 5 turns
  1994 | D:4      | Killed Grinder
  1995 | D:4      | Reached skill level 7 in Ranged Weapons
  1995 | D:4      | Reached XP level 6. HP: 34/51 MP: 6/6
  2549 | D:4      | Found a runed translucent gate.
  2549 | D:4      | Found a runed translucent gate.
  2551 | D:4      | Found a runed translucent gate.
  2551 | D:4      | Noticed qw's ghost (amateur MiHs)
  2566 | D:4      | Noticed Menkaure
  2573 | D:4      | Killed Menkaure
  2574 | D:4      | Reached XP level 7. HP: 22/59 MP: 7/7
  2575 | D:4      | 2575 ||| FLEEEEING.
  2576 | D:4      | 2576 ||| FLEEEEING.
  2577 | D:4      | 2577 ||| FLEEEEING.
  2578 | D:4      | 2578 ||| FLEEEEING.
  2579 | D:4      | 2579 ||| FLEEEEING.
  2580 | D:4      | 2580 ||| FLEEEEING.
  2581 | D:4      | 2581 ||| FLEEEEING.
  2582 | D:4      | 2582 ||| FLEEEEING.
  2583 | D:4      | 2583 ||| FLEEEEING.
  2584 | D:4      | 2584 ||| FLEEEEING.
  2585 | D:4      | 2585 ||| FLEEEEING.
  2586 | D:4      | 2586 ||| FLEEEEING.
  2587 | D:4      | 2587 ||| FLEEEEING.
  2588 | D:4      | 2588 ||| FLEEEEING.
  2589 | D:4      | 2589 ||| FLEEEEING.
  2590 | D:4      | 2590 ||| FLEEEEING.
  2591 | D:4      | 2591 ||| FLEEEEING.
  2592 | D:4      | 2592 ||| FLEEEEING.
  2593 | D:4      | 2593 ||| FLEEEEING.
  2594 | D:4      | 2594 ||| FLEEEEING.
  2595 | D:4      | 2595 ||| FLEEEEING.
  2596 | D:4      | 2596 ||| FLEEEEING.
  2598 | D:4      | 2598 ||| FLEEEEING.
  2599 | D:4      | 2599 ||| FLEEEEING.
  2600 | D:4      | 2600 ||| FLEEEEING.
  2601 | D:4      | 2601 ||| FLEEEEING.
  2602 | D:4      | 2602 ||| FLEEEEING.
  2603 | D:4      | 2603 ||| FLEEEEING.
  2604 | D:4      | 2604 ||| FLEEEEING.
  2605 | D:4      | 2605 ||| FLEEEEING.
  2606 | D:4      | 2606 ||| FLEEEEING.
  2607 | D:4      | 2607 ||| FLEEEEING.
  2608 | D:4      | 2608 ||| FLEEEEING.
  2609 | D:4      | 2609 ||| FLEEEEING.
  2610 | D:4      | 2610 ||| FLEEEEING.
  2611 | D:4      | 2611 ||| FLEEEEING.
  2613 | D:4      | 2613 ||| FLEEEEING.
  2614 | D:4      | 2614 ||| FLEEEEING.
  2615 | D:4      | 2615 ||| FLEEEEING.
  2616 | D:4      | 2616 ||| FLEEEEING.
  2617 | D:4      | 2617 ||| FLEEEEING.
  2618 | D:4      | 2618 ||| FLEEEEING.
  2620 | D:4      | 2620 ||| FLEEEEING.
  2621 | D:4      | 2621 ||| FLEEEEING.
  2622 | D:4      | 2622 ||| FLEEEEING.
  2623 | D:4      | 2623 ||| FLEEEEING.
  2625 | D:4      | 2625 ||| FLEEEEING.
  2626 | D:4      | 2626 ||| FLEEEEING.
  2627 | D:4      | 2627 ||| FLEEEEING.
  2629 | D:4      | 2629 ||| FLEEEEING.
  2630 | D:4      | 2630 ||| FLEEEEING.
  2631 | D:4      | 2631 ||| FLEEEEING.
  2632 | D:4      | 2632 ||| FLEEEEING.
  2633 | D:4      | 2633 ||| FLEEEEING.
  2634 | D:4      | 2634 ||| FLEEEEING.
  2636 | D:4      | 2636 ||| FLEEEEING.
  2637 | D:4      | 2637 ||| FLEEEEING.
  2638 | D:4      | 2638 ||| FLEEEEING.
  2639 | D:4      | 2639 ||| FLEEEEING.
  2640 | D:4      | 2640 ||| FLEEEEING.
  2641 | D:4      | 2641 ||| FLEEEEING.
  2642 | D:4      | 2642 ||| FLEEEEING.
  2643 | D:4      | 2643 ||| FLEEEEING.
  2644 | D:4      | 2644 ||| FLEEEEING.
  2645 | D:4      | 2645 ||| FLEEEEING.
  2646 | D:4      | 2646 ||| FLEEEEING.
  2647 | D:4      | 2647 ||| FLEEEEING.
  2648 | D:4      | 2648 ||| FLEEEEING.
  2649 | D:4      | 2649 ||| FLEEEEING.
  2650 | D:4      | 2650 ||| FLEEEEING.
  2651 | D:4      | 2651 ||| FLEEEEING.
  2652 | D:4      | 2652 ||| FLEEEEING.
  2653 | D:4      | 2653 ||| FLEEEEING.
  2654 | D:4      | 2654 ||| FLEEEEING.
  2655 | D:4      | 2655 ||| FLEEEEING.
  2656 | D:4      | 2656 ||| FLEEEEING.
  2657 | D:4      | 2657 ||| FLEEEEING.
  2658 | D:4      | 2658 ||| FLEEEEING.
  2659 | D:4      | 2659 ||| FLEEEEING.
  2661 | D:4      | 2661 ||| FLEEEEING.
  2662 | D:4      | 2662 ||| FLEEEEING.
  2663 | D:4      | 2663 ||| FLEEEEING.
  2664 | D:4      | 2664 ||| FLEEEEING.
  2665 | D:4      | 2665 ||| FLEEEEING.
  2666 | D:4      | 2666 ||| FLEEEEING.
  2667 | D:4      | 2667 ||| FLEEEEING.
  2668 | D:4      | 2668 ||| STAIRDANCE
  2800 | D:4      | Found Ircheulue's CLEARANCE SALE!.
  2995 | D:4      | 2995 ||| READING 2 scrolls of identify.
  2995 | D:4      | 2995 ||| IDENTIFYING green potion
  3010 | D:5      | Entered Level 5 of the Dungeon
  3013 | D:5      | Reached skill level 8 in Ranged Weapons
  3316 | D:5      | 3316 ||| SWAPPING to +0 shortbow.
  3317 | D:5      | 3317 ||| DROPPING +2 sling.
  3406 | D:5      | 3406 ||| READING scroll of enchant weapon.
  3406 | D:5      | 3406 ||| ENCHANTING +0 shortbow.
  3439 | D:5      | Found a staircase to the Ecumenical Temple.
  3440 | D:5      | 3440 ||| PLANNING TEMPLE
  3440 | D:5      | 3440 ||| READING 2 scrolls of identify.
  3440 | D:5      | 3440 ||| IDENTIFYING bubbling inky potion
  3452 | Temple   | Entered the Ecumenical Temple
  3515 | Temple   | 3515 ||| PLANNING OKAWARU WORSHIP
  3674 | Temple   | 3674 ||| READING 2 scrolls of identify.
  3674 | Temple   | 3674 ||| IDENTIFYING white potion
  3675 | Temple   | 3675 ||| DROPPING potion of magic.
  3751 | Temple   | Became a worshipper of Warmaster Okawaru
  3752 | Temple   | 3752 ||| PLANNING D:1-11
  4034 | D:5      | Reached skill level 9 in Ranged Weapons
  4034 | D:5      | Reached XP level 8. HP: 58/68 MP: 8/8
  4141 | D:5      | 4141 ||| FLEEEEING.
  4142 | D:5      | 4142 ||| FLEEEEING.
  4143 | D:5      | 4143 ||| FLEEEEING.
  4144 | D:5      | 4144 ||| FLEEEEING.
  4145 | D:5      | 4145 ||| FLEEEEING.
  4146 | D:5      | 4146 ||| FLEEEEING.
  4147 | D:5      | 4147 ||| FLEEEEING.
  4155 | D:5      | 4155 ||| STAIRDANCE
  4392 | D:5      | Found a radiant altar of Vehumet.
  4500 | D:5      | Reached skill level 3 in Dodging
  4525 | D:5      | 4525 ||| FLEEEEING.
  4526 | D:5      | 4526 ||| FLEEEEING.
  4527 | D:5      | 4527 ||| FLEEEEING.
  4528 | D:5      | 4528 ||| FLEEEEING.
  4529 | D:5      | 4529 ||| FLEEEEING.
  4533 | D:5      | 4533 ||| FLEEEEING.
  4534 | D:5      | 4534 ||| FLEEEEING.
  4535 | D:5      | 4535 ||| FLEEEEING.
  4536 | D:5      | 4536 ||| FLEEEEING.
  4537 | D:5      | 4537 ||| FLEEEEING.
  4538 | D:5      | 4538 ||| FLEEEEING.
  4539 | D:5      | 4539 ||| FLEEEEING.
  4540 | D:5      | 4540 ||| FLEEEEING.
  4541 | D:5      | 4541 ||| FLEEEEING.
  4566 | D:5      | 4566 ||| FLEEEEING.
  4567 | D:5      | 4567 ||| FLEEEEING.
  4568 | D:5      | 4568 ||| FLEEEEING.
  4569 | D:5      | 4569 ||| FLEEEEING.
  4580 | D:5      | 4580 ||| FLEEEEING.
  4593 | D:5      | 4593 ||| FLEEEEING.
  4595 | D:5      | 4595 ||| FLEEEEING.
  4596 | D:5      | 4596 ||| FLEEEEING.
  4597 | D:5      | 4597 ||| FLEEEEING.
  4601 | D:5      | 4601 ||| STAIRDANCE
  4682 | D:4      | 4682 ||| READING 2 scrolls of identify.
  4682 | D:4      | 4682 ||| IDENTIFYING amethyst potion
  4771 | D:5      | 4771 ||| READING scroll of acquirement.
  4771 | D:5      | 4771 ||| ACQUIRING ring of protection from fire
  4771 | D:5      | Acquired a ring of protection from fire
  4824 | D:5      | Reached skill level 6 in Fighting
  4844 | D:5      | HP: 14/70 [gnoll/+0 flail (9)]
  4845 | D:5      | 4845 ||| READING 3 scrolls of teleportation.
  4846 | D:5      | 4846 ||| DRINKING potion of heal wounds.
  5097 | D:5      | 5097 ||| DROPPING amulet of magic regeneration.
  5098 | D:5      | 5098 ||| UPGRADING to ring of protection from fire.
  5192 | D:6      | Reached * piety under Okawaru
  5201 | D:6      | Found a stormy altar of Qazlal.
  5368 | D:6      | 5368 ||| Stepping ~*~*~tactically~*~*~ (outnumbered).
  5370 | D:6      | 5370 ||| Stepping ~*~*~tactically~*~*~ (outnumbered).
  5385 | D:6      | 5385 ||| DRINKING 2 potions of curing.
  5385 | D:6      | 5385 ||| (to cure confusion)
  5388 | D:6      | Reached skill level 1 in Invocations
  5391 | D:6      | You fall into a shaft and drop 2 floors!
  5398 | D:8      | 5398 ||| INVOKING Heroism.
  5415 | D:8      | Reached skill level 10 in Ranged Weapons
  5415 | D:8      | 5415 ||| INVOKING Heroism.
  5429 | D:8      | 5429 ||| INVOKING Heroism.
  5616 | D:8      | 5616 ||| INVOKING Heroism.
  5621 | D:8      | Reached skill level 3 in Invocations
  5621 | D:8      | Reached XP level 9. HP: 38/79 MP: 6/10
  5657 | D:8      | 5657 ||| INVOKING Heroism.
  5806 | D:8      | 5806 ||| READING scroll labelled EMAIPH FEYGETZ.
  5807 | D:8      | 5807 ||| READING 2 scrolls of identify.
  5807 | D:8      | 5807 ||| IDENTIFYING murky emerald potion
  5808 | D:8      | 5808 ||| DROPPING potion of attraction.
  5849 | D:7      | Identified the +10 flail of Anxiety {elec, rElec rN+ Str-5}
  5979 | D:7      | Found a sparkling altar of Nemelex Xobeh.
  6062 | D:6      | Reached skill level 11 in Ranged Weapons
  6063 | D:6      | Found a white marble altar of Elyvilon.
  6183 | D:6      | 6183 ||| INVOKING Heroism.
  6266 | D:6      | 6266 ||| INVOKING Heroism.
  6663 | D:6      | Found an ancient bone altar of Kikubaaqudgha.
  6823 | D:6      | 6823 ||| UPGRADING to +1 pair of gloves of strength.
  6828 | D:6      | 6828 ||| DROPPING +6 ring of strength.
  6829 | D:6      | 6829 ||| UPGRADING to +4 ring of protection.
  6831 | D:6      | 6831 ||| READING scroll labelled JAFAUKL BIPPOIPLI.
  6832 | D:6      | 6832 ||| DRINKING 2 fizzy coppery potions.
  6833 | D:6      | 6833 ||| DRINKING 2 red potions.
  6938 | D:6      | 6938 ||| DROPPING potion of berserk rage.
  6980 | D:7      | Noticed Maggie
  6985 | D:7      | 6985 ||| STAIRDANCE
  6996 | D:6      | Killed Maggie
  7046 | D:6      | 7046 ||| UPGRADING to +0 steam dragon scales.
  7056 | D:6      | 7056 ||| DROPPING +0 ring mail.
  7057 | D:6      | 7057 ||| DROPPING potion of brilliance.
  7186 | D:7      | 7186 ||| INVOKING Heroism.
  7239 | D:7      | 7239 ||| INVOKING Heroism.
  7637 | D:7      | Found a runed translucent door.
  7638 | D:7      | Noticed Crazy Yiuf
  7706 | D:8      | Noticed Amaemon
  7706 | D:8      | Noticed an orange demon
  7707 | D:8      | 7707 ||| Stepping ~*~*~tactically~*~*~ (outnumbered).
  7709 | D:8      | 7709 ||| INVOKING Heroism.
  7723 | D:8      | Killed Amaemon
  7723 | D:8      | HP: 19/79 [orange demon[Amaemon] (9)]
  7724 | D:8      | Reached skill level 12 in Ranged Weapons
  7724 | D:8      | Reached XP level 10. HP: 21/86 MP: 10/12
  7724 | D:8      | 7724 ||| READING 3 scrolls of teleportation.
  7724 | D:8      | HP: 7/86 [orange demon[Amaemon] (8)]
  7725 | D:8      | HP: 3/86 [poisoned by an orange demon]
  7726 | D:8      | HP: 1/86 [poisoned by an orange demon]
  7727 | D:8      | Succumbed to an orange demon's poison

Levels and vault maps discovered:
D:1:      dpeg_arrival_three_smaller_balls, layout_basic, serial_park_tiny_1
D:2:      layout_basic, minmay_stone_trees_medium, serial_bayou_pond_d
D:3:      layout_rooms, serial_shops, shop, chequers_mini_garden
D:4:      layout_basic, gammafunk_ghost_nasty_kobolds, nicolae_shop_clearance,
          uniq_menkaure, uniq_grinder
D:5:      lemuel_castle_with_subvaults [lemuel_castle_interior_carwin_2],
          layout_cave_pods, mainiacjoe_overflow_alcove_2,
          minmay_temple_entry_statues
D:6:      layout_basic, pf_just_have_faith, elyvilon_altar_5,
          grunt_qazlal_sundering
D:7:      layout_basic, kennysheep_mini, uniq_maggie, uniq_crazy_yiuf_cottage
D:8:      layout_rooms, hellmonk_lair_entry_icy, uniq_amaemon, uniq_joseph
Temple:   minmay_temple_bridge_d

Skill      XL: |  1  2  3  4  5  6  7  8  9 |
---------------+----------------------------+-----
Ranged Weapons | 3 4 5 7 9 10 12 | 12.0
Fighting       | 2 3 4 5 7 |  7.1
Armour         | 1 2 4 |  4.3
Dodging        | 3 5 |  5.3
Invocations    | 3 4 |  4.1
Spellcasting   | |  1.0
Hexes          | |  2.0

Action                     |  1- 3 |  4- 6 |  7- 9 | 10-12 || total
---------------------------+-------+-------+-------+-------++-------
   Fire: Sling             |   122 |   131 |    35 |       ||   288
         Shortbow          |       |       |   397 |     3 ||   400
 Invoke: Heroism           |       |       |    10 |       ||    10
    Use: Scroll            |     4 |     5 |    10 |     1 ||    20
         Potion            |       |     2 |     4 |       ||     6
 Armour: Robe              |     4 |       |       |       ||     4
         Leather armour    |     3 |       |       |       ||     3
         Ring mail         |       |    38 |    59 |       ||    97
         Steam dragon scal |       |       |     8 |     1 ||     9
  Dodge: Dodged            |    25 |    14 |   119 |       ||   158

Table legend:
 A = Non-vault XP
 B = Vault XP
 C = Vault XP percentage of total XP
 D = Non-vault monster count
 E = Vault monster count
 F = Vault count percentage of total count
                 A         B        C        D         E       F
            +---------+---------+-------+---------+---------+-------
      Total |    2886 |    2657 |  47.9 |     140 |      59 |  29.6
            +---------+---------+-------+---------+---------+-------
        D:1 |      55 |       0 |   0.0 |      31 |       0 |   0.0
        D:2 |      43 |       0 |   0.0 |      19 |       0 |   0.0
        D:3 |     171 |       0 |   0.0 |      17 |       0 |   0.0
        D:4 |     138 |     455 |  76.7 |      24 |       2 |   7.7
        D:5 |     573 |     406 |  41.5 |      12 |      50 |  80.6
        D:6 |     589 |     398 |  40.3 |      16 |       1 |   5.9
        D:7 |     752 |       0 |   0.0 |      10 |       0 |   0.0
        D:8 |     565 |    1398 |  71.2 |      11 |       6 |  35.3
            +---------+---------+-------+---------+---------+-------
